 Dungeon Crawl Stone Soup version 0.28-a0-674-gdaf460b524 (webtiles) character file.

Game seed: 8718954434728003411

1 Irenicus the Digger (level 1, 15/15 HPs)
             Began as a Deep Dwarf Earth Elementalist on Oct 17, 2021.
             Quit the game on level 1 of the Dungeon.
             The game lasted 00:00:24 (65 turns).

Irenicus the Digger (Deep Dwarf Earth Elementalist)   Turns: 65, Time: 00:00:25

Health: 15/15      AC:  2    Str: 11    XL:     1   Next: 16%
Magic:  2/2        EV: 12    Int: 15    God:
Gold:   11         SH:  0    Dex: 13    Spells: 2/3 levels left

rFire   . . .      SeeInvis .   (no weapon)
rCold   . . .      Faith    .   (no shield)
rNeg    . . .      Spirit   .   b - +0 robe
rPois   .          Reflect  .   (no helmet)
rElec   .          Harm     .   (no cloak)
rCorr   .          Rampage  .   (no gloves)
Will    .....                   (no boots)
Stlth   ++........              (no amulet)
HPRegen 0.00/turn               (no ring)
MPRegen 0.08/turn               (no ring)

@: no status effects
A: damage resistance, heal wounds, sense surroundings 1, no regeneration
a: Heal Wounds


You were on level 1 of the Dungeon.
You visited 1 branch of the dungeon, and saw 1 of its levels.

You collected 11 gold pieces.


Innate Abilities, Weirdness & Mutations

You are resistant to damage.
You can heal yourself by infusing magical energy.
You passively map a small area around you.
You do not regenerate.


   Skills:
 - Level 2.1 Dodging
 - Level 2.4 Stealth
 - Level 1.7 Spellcasting
 - Level 0.8 Transmutations
 + Level 4.1 Earth Magic


You had 2 spell levels left.
You knew the following spells:

 Your Spells              Type           Power      Damage    Failure   Level
z - Sandblast             Erth           26%        2d8       4%          1

Your spell library contained the following spells:

 Spells                   Type           Power      Damage    Failure   Level
 Passwall                 Tmut/Erth      6%         N/A       12%         2
 Summon Small Mammal      Summ           4%         N/A       22%         1
 Stone Arrow              Conj/Erth      14%        3d7       28%         3
 Call Canine Familiar     Summ           1%         N/A       56%         3
 Summon Guardian Golem    Hex/Summ       1%         N/A       56%         3
 Petrify                  Tmut/Erth      8%         N/A       63%         4

Inventory:

Missiles
 c - 29 stones
Armour
 b - a +0 robe (worn)

Dungeon Overview and Level Annotations

Branches:
Dungeon (1/15)

Altars:

* * #, #. , ,
.#* ,.. #####.
......########
####.K.......#
........####.#
#####.#.# #@#
# #.# #.# * *
,,#.####)# ,
#.#....# , ,,
, #.#.#### ,
#.#.# * #.#.#
,, #.#.# *
*#.#.#


There were no monsters in sight!


Message History

Found a staircase leading out of the dungeon.
You open the door. You open the door. You open the door.
There is an open door here.
Found 11 gold pieces.
You now have 11 gold pieces.
A kobold comes into view. It is wielding a +0 short sword.
The kobold shouts!
Found a book of Callings.
You pick up a book of Callings and begin reading...
You add the spells Summon Small Mammal, Call Canine Familiar and Summon Guardian Golem to your library.
The kobold hits you with a +0 short sword.
You hit the kobold but do no damage.
The kobold hits you with a +0 short sword.
Casting: Sandblast (safe; 4% risk of failure)
Confirm with . or Enter, or press ? or * to list all spells.
Aiming: Sandblast (safe; 4% risk of failure)
Press: ? - help, Shift-Dir - straight line, f - kobold
Aim: a kobold, wielding a +0 short sword (74% to hit)
The blast of sand hits the kobold.
You kill the kobold!
Casting: Sandblast (safe; 4% risk of failure)
Confirm with . or Enter, or press ? or * to list all spells.
Okay, then.
You see here a +0 short sword.
Use which ability? (? or * to list)
Your magical essence is drained by the effort!
You feel much better.
Are you sure you want to abandon this character and quit the game? (Confirm with "yes".)

Action                   || total
-------------------------++-------
Melee: Unarmed           ||     1
 Cast: Sandblast         ||     1
 Abil: Heal Wounds       ||     1

Levels and vault maps discovered:
D:1:      minmay_arrival_three_doors, layout_loops_ring, serial_bayou_ford_a,
          kennysheep_minor_cross, st_stairs_12

Notes
Turn   | Place    | Note
-------+----------+-------------------------------------------
     0 | D:1      | Irenicus the Deep Dwarf Earth Elementalist began the quest
                  | for the Orb.
     0 | D:1      | Reached XP level 1. HP: 15/15 MP: 3/3
    65 | D:1      | Quit the game

Vanquished Creatures
  A kobold (D:1)
1 creature vanquished.

Table legend: (Time is in decaauts)
 A = Elapsed time spent in this place.
 B = Non-inter-level travel time spent in this place.
 C = Inter-level travel time spent in this place.
 D = Time resting spent in this place.
 E = Time spent auto-exploring this place.
 F = Levels seen in this place.
 G = Mean time per level.
                   A        B        C        D        E       F      G
               +--------+--------+--------+--------+--------+-----+--------+
         Total |     65 |     65 |      0 |      0 |      0 |   1 |   65.0 |
       Dungeon |     65 |     65 |      0 |      0 |      0 |   1 |   65.0 |
               +--------+--------+--------+--------+--------+-----+--------+

Top non-repeatable levels by time:
     D:1: 65 daAuts

Table legend:
 A = Non-vault XP
 B = Vault XP
 C = Vault XP percentage of total XP
 D = Non-vault monster count
 E = Vault monster count
 F = Vault count percentage of total count
                 A         B        C        D         E       F
            +---------+---------+-------+---------+---------+-------
      Total |       2 |       0 |   0.0 |       1 |       0 |   0.0
            +---------+---------+-------+---------+---------+-------
        D:1 |       2 |       0 |   0.0 |       1 |       0 |   0.0
            +---------+---------+-------+---------+---------+-------
